 Dungeon Crawl Stone Soup version 0.29.1-15-g9cfb28693d (webtiles) character file.

Game seed: 371309443744956266

3437 Smoke131 the Firebug (level 9, 0/79 HPs)
             Began as a Yellow Draconian Fire Elementalist on Mar 1, 2023.
             Was an Initiate of Vehumet.
             Slain by a two-headed ogre
             ... wielding a +0 halberd
              (8 damage)
             ... in a bailey.
             The game lasted 00:22:11 (9744 turns).

Smoke131 the Firebug (DrFE)                         Turns: 9744, Time: 00:22:11

Health: 0/79       AC:  9    Str: 11    XL:     9   Next: 77%
Magic:  5/16       EV: 15    Int: 20    God:    Vehumet [......]
Gold:   224        SH:  0    Dex: 15    Spells: 8/18 levels left

rFire   . . .      SeeInvis .   m - +10 trident "Elagh" {protect, rElec Dex+4}
rCold   . . .      Faith    .   (no shield)
rNeg    + + +      Spirit   .   (body armour unavailable)
rPois   .          Reflect  .   (helmet restricted)
rElec   +          Harm     .   b - +1 cloak of Bour {rElec rN++}
rCorr   +          Rampage  .   (no gloves)
Will    .....                   (no boots)
Stlth   +.........              (no amulet)
HPRegen 0.23/turn               i - ring of positive energy
MPRegen 0.15/turn               (no ring)

@: very slow
A: spit acid, AC +7, unfitting armour, cold-blooded, acid resistance
a: Breathe Acid, Renounce Religion


You were in a bailey.
You worshipped Vehumet.
Vehumet was noncommittal.
You visited 2 branches of the dungeon, and saw 8 of its levels.
You also visited: Ossuary and Bailey.

You collected 224 gold pieces.

Inventory:

Hand Weapons
 e - a +3 dagger of venom
 m - the +10 trident "Elagh" (weapon) {protect, rElec Dex+4}
   (You found it on level 5 of the Dungeon)

   It grants its wielder temporary protection when it strikes (+7 to AC).
   Dex:       It affects your dexterity (+4).
   rElec:     It insulates you from electricity.
Armour
 b - the +1 cloak of Bour (worn) {rElec rN++}
   (You acquired it on level 5 of the Dungeon)

   rElec:     It insulates you from electricity.
   rN:        It greatly protects you from negative energy.
Magical Staves
 g - a staff of conjuration
Jewellery
 i - a ring of positive energy (left hand)
Wands
 s - a wand of acid (8)
Scrolls
 a - a scroll of blinking
 d - a scroll of fear
 f - 2 scrolls of poison
 h - a scroll of identify
 j - 6 scrolls of teleportation
 o - a scroll of enchant weapon
 p - 3 scrolls of vulnerability
Potions
 c - 5 potions of curing
 k - 2 potions of attraction
 l - 2 potions of heal wounds
 n - a potion of berserk rage
 q - 2 potions of mutation
 r - a potion of resistance
 t - a potion of flight


   Skills:
 + Level 7.0 Fighting
 + Level 6.2 Dodging
 - Level 1.7 Stealth
 - Level 5.0 Spellcasting
 + Level 6.5 Conjurations
 + Level 7.1 Fire Magic


You had 8 spell levels left.
You knew the following spells:

 Your Spells              Type           Power      Damage    Failure   Level
a - Foxfire               Conj/Fire      100%       2x1d9     1%          1
b - Scorch                Fire           66%        2d8       1%          2
c - Conjure Flame         Conj/Fire      32%        6-21      1%          3
d - Flame Wave            Conj/Fire      32%        2d9       7%          4

Your spell library contained the following spells:

 Spells                   Type           Power      Damage    Failure   Level
 Inner Flame              Hex/Fire       19%        N/A       8%          3
 Beastly Appendage        Tmut           10%        N/A       12%         1
 Necrotise                Necr           20%        1d5       12%         1
 Wereblood                Tmut           5%         N/A       17%         2
 Call Canine Familiar     Summ           5%         N/A       34%         3
 Portal Projectile        Hex/Tloc       10%        N/A       34%         3
 Spider Form              Tmut/Pois      5%         N/A       34%         3
 Vampiric Draining        Necr           5%         2d6       34%         3
 Leda's Liquefaction      Hex/Erth       2%         N/A       75%         4
 Agony                    Necr           5%         N/A       97%         5


Dungeon Overview and Level Annotations

Branches:
Dungeon (7/15)             Temple (1/1) D:7         Ossuary (visited)
 Bailey (1/1)

Altars:
Hepliaklqana
Nemelex Xobeh
Ru
Uskayaw
Vehumet
Xom
Zin

Shops:
D:5 *


Innate Abilities, Weirdness & Mutations

You can spit globs of acid.
Your golden yellow scales are hard. (AC +7)
You cannot fit into any form of body armour.
You are cold-blooded and may be slowed by cold attacks.
You are resistant to acid. (rCorr)


Message History

The gnoll hits you from afar with a +0 spear.
Aiming: Corrosive Bolt
Press: ? - help, Shift-Dir - straight line, f - two-headed ogre
Aim: a two-headed ogre, wielding two +0 halberds (86% to hit)
The bolt of acid hits the two-headed ogre!
The acid corrodes the two-headed ogre!
The two-headed ogre is lightly wounded.
The bolt of acid hits the gnoll!
The gnoll is almost dead.
The bolt of acid hits the gnoll!
The acid corrodes the gnoll!
The gnoll is almost dead.
The two-headed ogre hits you from afar with a +0 halberd!
The two-headed ogre closely misses you. The gnoll barely misses you.
Aiming: Corrosive Bolt
Press: ? - help, Shift-Dir - straight line, f/p - two-headed ogre
Aim: a two-headed ogre, wielding two +0 halberds (lightly wounded, covered in acid, 86% to hit)
The bolt of acid hits the two-headed ogre!
The two-headed ogre seems to be corroded for longer.
The two-headed ogre is moderately wounded.
The bolt of acid hits the gnoll!
The acid corrodes the gnoll!
You kill the gnoll!
The gnoll's corpse dissolves into shadows!
The bolt of acid hits the gnoll!
You kill the gnoll!
The gnoll's corpse dissolves into shadows!
The bolt of acid hits the orc.
The orc is almost dead.
The two-headed ogre hits you from afar with a +0 halberd! x2
* * * LOW HITPOINT WARNING * * *
The gnoll hits you but does no damage.
You enter the shallow water.
Moving in this stuff is going to be slow.
A spriggan comes into view. It is wielding a +0 trident.
The spriggan shouts!
The gnoll hits you but does no damage.
The spriggan splashes around in the water.
The two-headed ogre hits you from afar with a +0 halberd!
* * * LOW HITPOINT WARNING * * *
The two-headed ogre hits you from afar with a +0 halberd!
You die...

##.......##
###
##...)..i..#
##.##
##og♣##♣###..
##...## ##..##
##. #.....#
##og♣# ##
##.....###i.##
#...∩..~~gg.#
#......~~O..♣
#......@~~..#
#......~~~..♣
#...∩..~~i..#
##.....###..♣
#.....# ##..#
##...## #..#
##.## #.. ###
#.


You could see a two-headed ogre (corroded), 2 spriggans, 4 gnolls and 2 orcs.

Vanquished Creatures
  A hornet (D:6)
  A spriggan (Bailey)
  2 black bears (D:6)
  An ice beast (D:6)
  3 ogres
  2 centaurs (D:6)
  3 phantoms
  4 elf zombies (Ossuary)
  A kobold brigand (D:6)
  A bullfrog (D:6)
  A necrophage (D:5)
  A scorpion (D:5)
  5 wights
  3 centaur zombies (Ossuary)
  5 human zombies (Ossuary)
  6 hounds
  7 orc priests
  3 jellies
  Jessica (D:2)
  12 iguanas
  3 orc wizards
  3 mummies (Ossuary)
  4 adders
  3 shadow imps (D:6)
  A white imp (D:5)
  An ufetubus (D:5)
  2 worms (D:4)
  4 dart slugs
  29 orcs
  6 endoplasms
  13 giant cockroaches
  8 goblins
  4 hobgoblins
  4 jackals (D:1)
  17 kobolds
  4 quokkas
  7 ball pythons
  4 bats
  2 frilled lizards
  7 rats
189 creatures vanquished.

Vanquished Creatures (others)
  161 foxfires
  3 plants (D:3)
  7 withered plants (D:3)
171 creatures vanquished.

Grand Total: 360 creatures vanquished

Notes
Turn   | Place    | Note
-------+----------+-------------------------------------------
     0 | D:1      | Smoke131 the Draconian Fire Elementalist began the quest
                  | for the Orb.
     0 | D:1      | Reached XP level 1. HP: 14/14 MP: 3/3
   260 | D:1      | Reached XP level 2. HP: 10/22 MP: 0/5
   485 | D:1      | Learned a level 2 spell: Scorch
   804 | D:1      | Reached skill level 1 in Fighting
  1298 | D:2      | Reached XP level 3. HP: 25/28 MP: 6/6
  1371 | D:2      | Learned a level 3 spell: Conjure Flame
  2006 | D:2      | Noticed Jessica
  2025 | D:2      | Killed Jessica
  2026 | D:2      | Reached XP level 4. HP: 34/35 MP: 0/7
  2283 | D:3      | Found a sparkling altar of Nemelex Xobeh.
  2398 | D:3      | Found a faded altar of an unknown god.
  2552 | D:3      | Reached XP level 5. HP: 41/41 MP: 5/9
  2615 | D:3      | Found a shimmering altar of Xom.
  2615 | D:3      | Found a glowing silver altar of Zin.
  2615 | D:3      | Noticed an angel
  3764 | D:4      | Found a hide-covered altar of Uskayaw.
  3787 | D:4      | Noticed a +0 hand axe
  3788 | D:4      | Noticed a +0 dagger
  4052 | D:4      | Found a sand-covered staircase.
  4058 | Ossuary  | Entered an ossuary
  4191 | Ossuary  | Reached XP level 6. HP: 43/50 MP: 0/10
  4590 | Ossuary  | Your scales start taking on a golden yellow colour.
  4590 | Ossuary  | Reached XP level 7. HP: 46/57 MP: 8/12
  4590 | Ossuary  | Gained mutation: You are resistant to acid. (rCorr) [Yellow
                  | Draconian growth]
  5510 | D:4      | Reached skill level 5 in Fire Magic
  5645 | D:4      | Reached XP level 8. HP: 63/66 MP: 7/14
  6658 | D:5      | Entered Level 5 of the Dungeon
  6662 | D:5      | Identified a scroll of acquirement
  6662 | D:5      | Acquired the +1 cloak of Bour {rElec rN++}
  6999 | D:5      | Found Hingoiss's Elemental Accessories.
  7118 | D:5      | Reached skill level 5 in Fighting
  7236 | D:5      | Identified the +10 trident "Elagh" {protect, rElec Dex+4}
  7778 | D:5      | Reached skill level 5 in Spellcasting
  7843 | D:6      | Reached skill level 5 in Conjurations
  7921 | D:6      | Reached skill level 5 in Dodging
  8079 | D:6      | Reached XP level 9. HP: 36/74 MP: 2/16
  8399 | D:6      | Learned a level 4 spell: Flame Wave
  9584 | D:7      | Found a staircase to the Ecumenical Temple.
  9596 | Temple   | Entered the Ecumenical Temple
  9604 | Temple   | Became a worshipper of Vehumet
  9618 | D:7      | Found a flagged portal.
  9650 | Bailey   | Entered a bailey
  9727 | Bailey   | Noticed a two-headed ogre
  9744 | Bailey   | Slain by a two-headed ogre

Illustrated notes

Levels and vault maps discovered:
D:1:      dpeg_arrival_prison, layout_basic
D:2:      layout_basic, kennysheep_jessica_study
D:3:      minmay_roachtagon, layout_basic,
          grunt_temple_overflow_order_and_chaos_1,
          mainiacjoe_overflow_boulevard, shapermc_ecumenical_altar_flowoftime
D:4:      minmay_opposing_rooms, layout_basic, dancing_weapons_uskayaw,
          enter_ossuary_5
D:5:      layout_loops_ring, nicolae_elemental_shop
D:6:      minmay_chambers_of_fours, layout_basic
D:7:      cheibrodos_iron_armory, layout_loops_ring, general_overflow_altar,
          minmay_temple_entry_mist, enter_bailey_3, minmay_manual_mail
Temple:   nicolae_temple_superstar
Bailey:   bailey_polearm_enchanted_keep_hellmonk, bailey

Skill      XL: |  1  2  3  4  5  6  7  8  9 |
---------------+----------------------------+-----
Dodging        | 2 3 4 5 6 |  6.2
Fighting       | 1 2 3 4 5 7 |  7.0
Conjurations   | 2 3 4 5 6 |  6.5
Spellcasting   | 3 4 5 |  5.0
Fire Magic     | 4 5 6 7 |  7.1
Stealth        | |  1.7

Action                   |  1- 3 |  4- 6 |  7- 9 || total
-------------------------+-------+-------+-------++-------
Melee: Short sword       |    29 |       |       ||    29
       Unarmed           |     5 |       |       ||     5
       Tailslap          |    10 |    24 |    23 ||    57
       Dagger            |    26 |    39 |   112 ||   177
       Staff             |    20 |   122 |       ||   142
       Punch             |       |       |     4 ||     4
       Trident           |       |       |    79 ||    79
 Cast: Foxfire           |    24 |    50 |    25 ||    99
       Scorch            |     2 |    23 |   134 ||   159
       Conjure Flame     |       |     1 |     1 ||     2
 Abil: Breathe Acid      |       |       |     1 ||     1
Evoke: Wand              |       |       |     2 ||     2
  Use: Potion            |     1 |     6 |       ||     7
       Scroll            |       |     8 |    11 ||    19
 Stab: Sleeping          |     5 |     2 |     2 ||     9
       Invisible         |       |     1 |       ||     1
       Distracted        |       |       |     1 ||     1
Armor: Skin              |    44 |    89 |    82 ||   215
Dodge: Dodged            |    67 |   123 |   167 ||   357
